 Dungeon Crawl Stone Soup version 0.27.1 (webtiles) character file.

Game seed: 4436536465455502952

4247 VictoriousLee the Basher (level 10, -10/50 HPs)
             Began as a Gargoyle Earth Elementalist on Aug 28, 2021.
             Mangled by a two-headed ogre (27 damage)
             ... on level 8 of the Dungeon.
             The game lasted 00:44:56 (10521 turns).

VictoriousLee the Basher (GrEE)                    Turns: 10521, Time: 00:44:57

Health: -10/50     AC: 10    Str: 11    XL:     10   Next: 31%
Magic:  9/13       EV: 11    Int: 20    God:
Gold:   333        SH:  0    Dex: 10    Spells: 7/13 levels left

rFire    + . .     SeeInvis .   y - +2 mace (drain)
rCold    + + .     Faith    .   (no shield)
rNeg     + . .     Spirit   .   F - +0 leather armour
rPois    ∞         Reflect  .   (no helmet)
rElec    +         Harm     .   z - scarf {rC+ rF+}
rCorr    .         Rampage  .   (no gloves)
Will     .....                  (no boots)
Stlth    ++........             (no amulet)
HPRegen  0.16/turn              P - ring of protection from cold
MPRegen  0.13/turn              (no ring)

@: no status effects
A: sickness immunity, AC +7, negative energy resistance 1, electricity
resistance, torment resistance 1, petrification resistance
a: no special abilities


You were on level 8 of the Dungeon.
You visited 2 branches of the dungeon, and saw 9 of its levels.

You collected 333 gold pieces.

Inventory:

Hand Weapons
 g - a +0 hand axe
 l - a +0 whip
 v - a +0 hand crossbow
 y - a +2 mace of draining (weapon)
 B - a +4 dagger of draining
 D - a +3 scimitar of freezing
 E - a +4 halberd
 K - a +2 dire flail of protection
Missiles
 c - 189 stones
 i - 41 poisoned darts
 M - 71 arrows
Armour
 b - a +0 robe
 f - a +0 buckler
 o - a +0 cloak
 s - a +0 ring mail
 t - a +0 cloak
 w - a +0 scale mail
 z - a scarf of resistance (worn)
 C - a +0 cloak
 F - a +0 leather armour (worn)
 N - the +1 plate armour "Retub" {rPois rN+ Int-4 Dex+2}
   (You found it on level 8 of the Dungeon)

   Int:       It affects your intelligence (-4).
   Dex:       It affects your dexterity (+2).
   rPois:     It protects you from poison.
   rN:        It protects you from negative energy.
 O - a +0 cloak
 S - a +0 kite shield
Jewellery
 L - an amulet of guardian spirit
 P - a ring of protection from cold (left hand)
Wands
 n - a wand of digging (5)
 u - a wand of iceblast (4)
 J - a wand of flame (4)
Scrolls
 a - 3 scrolls of blinking {unknown}
 d - a scroll of enchant armour {unknown}
 e - 3 scrolls of teleportation {unknown}
 j - a scroll of noise {unknown}
 k - a scroll of brand weapon {unknown}
 m - 2 scrolls of amnesia {unknown}
 r - a scroll of enchant weapon {unknown}
 I - a scroll of vulnerability {unknown}
 Q - a scroll of magic mapping {unknown}
 T - a scroll of fear {unknown}
Potions
 h - 2 potions of degeneration
 p - a potion of cancellation
 q - a potion of invisibility
 x - a potion of haste
 A - a potion of flight
 G - 3 potions of curing
 H - 2 potions of heal wounds
 R - a potion of attraction


   Skills:
 + Level 11.0 Maces & Flails
 - Level 1.5 Dodging
 - Level 2.1 Stealth
 - Level 2.0 Spellcasting
 - Level 6.0 Conjurations
 - Level 0.7 Transmutations
 - Level 10.0 Earth Magic


You had 7 spell levels left.
You knew the following spells:

 Your Spells              Type           Power      Damage    Failure   Level
a - Sandblast             Erth           84%        2d18      1%          1
p - Passwall              Tmut/Erth      19%        N/A       3%          2
s - Stone Arrow           Conj/Erth      68%        3d11      2%          3

Your spell library contained the following spells:

 Spells                   Type           Power      Damage    Failure   Level
 Apportation              Tloc           4%         N/A       21%         1
 Corona                   Hex            2%         N/A       21%         1
 Petrify                  Tmut/Erth      23%        N/A       22%         4
 Ensorcelled Hibernation  Hex/Ice        4%         N/A       30%         2
 Ozocubu's Armour         Ice            2%         N/A       52%         3
 Tukima's Dance           Hex            2%         N/A       52%         3
 Borgnjor's Vile Clutch   Necr/Erth      11%        N/A       58%         5
 Alistair's Intoxication  Tmut/Pois      2%         N/A       99%         5
 Eringya's Noxious Bog    Tmut/Pois      1%         N/A       100%        6
 Invisibility             Hex            1%         N/A       100%        6
 Ozocubu's Refrigeration  Ice            1%         4d5       100%        7


Dungeon Overview and Level Annotations

Branches:
Dungeon (8/15)             Temple (1/1) D:4
   Lair: D:8-11

Altars:
Ashenzari
Cheibriados
Dithmenos
Elyvilon
Fedhas
Gozag
Nemelex Xobeh
Okawaru
Qazlal
Sif Muna
Trog
Xom
Yredelemnul
The Shining One

Annotations:
D:4 3 runed translucent doors, Sabo's ghost, amateur GrFi
D:7 3 runed translucent doors, nicksoapdish's ghost, novice OgIE


Innate Abilities, Weirdness & Mutations

You are immune to sickness and miasma.
Your stone body is resilient. (AC +7)
You are immune to poison.
You resist negative energy. (rN+)
You are resistant to electric shocks. (rElec)
You are resistant to unholy torment.
You are immune to petrification.


Message History

The yak is severely wounded.
The yak gores you!
You hit the yak. You drain the yak.
The yak is almost dead.
The yak gores you but does no damage.
You hit the yak.
You kill the yak!
Your Maces & Flails skill increases to level 11!
Things that are here:
a yak corpse; a yak corpse You start resting.
A two-headed ogre comes into view. It is wielding two +0 giant clubs.
You start resting.
A two-headed ogre is nearby!
Aiming: Stone Arrow (dangerous; 2% risk of failure)
Press: ? - help, Q - select action, (/) - cycle Shift-Dir - straight line, f - two-headed ogre
Aim: a two-headed ogre, wielding two +0 giant clubs (wandering, hasn't noticed you, 88% to hit)
The stone arrow hits the two-headed ogre!
The two-headed ogre is lightly wounded.
You hit the two-headed ogre.
The two-headed ogre is moderately wounded.
The two-headed ogre barely misses you.
The two-headed ogre hits you but does no damage.
You hit the two-headed ogre.
The two-headed ogre is moderately wounded.
You hit the two-headed ogre.
The two-headed ogre is moderately wounded.
The two-headed ogre completely misses you.
The two-headed ogre hits you with a +0 giant club!
Casting: Stone Arrow (dangerous; 2% risk of failure)
Confirm with . or Enter, or press ? or * to list all spells.
Aiming: Sandblast (safe; 1% risk of failure)
Press: ? - help, Shift-Dir - straight line, f/p - two-headed ogre
Aim: a two-headed ogre, wielding two +0 giant clubs (moderately wounded, 92% to hit)
The blast of sand hits the two-headed ogre!!
The two-headed ogre is severely wounded.
c - 189 stones The two-headed ogre hits you with a +0 giant club!!
Ouch! That really hurt!
You die...

....#.....................
..# #...........O.........
..###.....................
.............#..)......(..
.....#.......#.###.#.....
.....#.##....#.# #†# ....
.....#####...#.# #.# . o
.............#.###.#
#.#...... #.O@..#
......... #######
......### ......# .......
......#. ......#


You could see a two-headed ogre.

Vanquished Creatures
  A two-headed ogre (D:7)
  An unseen horror (D:7)
  A troll (D:7)
  A wraith (D:7)
  3 yaks (D:8)
  A shadow (D:8)
  Edmund (D:5)
  A water moccasin (D:6)
  4 sky beasts
  2 black bears
  2 centaurs
  An ogre (D:5)
  2 phantoms
  A bullfrog (D:7)
  Blork the orc (D:4)
  A scorpion (D:5)
  A water moccasin zombie (D:5)
  A water moccasin skeleton (D:7)
  5 wights (D:4)
  A bullfrog zombie (D:7)
  Crazy Yiuf (D:5)
  A centaur zombie (D:7)
  3 jellies
  3 centaur skeletons
  A hound (D:4)
  2 orc priests (D:4)
  2 iguanas
  4 orc wizards
  A howler monkey skeleton (D:5)
  7 adders
  2 shadow imps (D:7)
  4 white imps
  An ufetubus (D:5)
  An adder skeleton (D:4)
  2 worms
  3 dart slugs
  12 orcs
  6 endoplasms
  4 giant cockroaches (D:1)
  13 hobgoblins
  2 jackals (D:2)
  3 quokkas (D:1)
  9 ball pythons
  6 bats
  3 frilled lizards
  13 goblins
  9 kobolds
  8 rats
158 creatures vanquished.

Vanquished Creatures (others)
  A fungus (D:1)
1 creature vanquished.

Grand Total: 159 creatures vanquished

Notes
Turn   | Place    | Note
-------+----------+-------------------------------------------
     0 | D:1      | VictoriousLee the Gargoyle Earth Elementalist began the
                  | quest for the Orb.
     0 | D:1      | Reached XP level 1. HP: 10/10 MP: 3/3
   339 | D:1      | Reached XP level 2. HP: 12/15 MP: 3/5
   589 | D:1      | Found a faded altar of an unknown god.
   664 | D:1      | Reached XP level 3. HP: 16/19 MP: 6/6
   751 | D:1      | Reached skill level 5 in Earth Magic
  1615 | D:1      | Learned a level 3 spell: Stone Arrow
  1618 | D:1      | Learned a level 2 spell: Passwall
  1986 | D:2      | Reached skill level 1 in Conjurations
  2426 | D:2      | Reached XP level 4. HP: 24/24 MP: 5/7
  3056 | D:3      | Reached XP level 5. HP: 8/28 MP: 3/8
  4108 | D:4      | Noticed Blork the orc
  4116 | D:4      | Killed Blork the orc
  4117 | D:4      | Reached XP level 6. HP: 25/32 MP: 2/9
  4451 | D:4      | Found a staircase to the Ecumenical Temple.
  4475 | Temple   | Entered the Ecumenical Temple
  4731 | D:4      | Found a runed translucent gate.
  4731 | D:4      | Found a runed translucent gate.
  4732 | D:4      | Found a runed translucent gate.
  4873 | D:4      | Noticed a black bear
  4885 | D:4      | Killed a black bear
  5107 | D:4      | Reached XP level 7. HP: 25/36 MP: 6/10
  5666 | D:4      | Noticed Sabo's ghost (amateur GrFi)
  5783 | D:5      | Entered Level 5 of the Dungeon
  6195 | D:5      | Reached skill level 10 in Earth Magic
  6195 | D:5      | Reached skill level 1 in Maces & Flails
  6195 | D:5      | Reached XP level 8. HP: 41/41 MP: 5/11
  6209 | D:5      | Reached skill level 2 in Maces & Flails
  6297 | D:5      | Reached skill level 3 in Maces & Flails
  6335 | D:5      | Reached skill level 4 in Maces & Flails
  6416 | D:5      | Reached skill level 5 in Maces & Flails
  6464 | D:5      | Noticed Edmund
  6675 | D:5      | Killed Edmund
  6898 | D:5      | Reached skill level 6 in Maces & Flails
  7113 | D:5      | Found a runed translucent door.
  7114 | D:5      | Noticed Crazy Yiuf
  7122 | D:5      | Killed Crazy Yiuf
  7585 | D:6      | Found a shadowy altar of Dithmenos.
  7588 | D:6      | Found a shimmering altar of Xom.
  7626 | D:6      | Reached skill level 7 in Maces & Flails
  7626 | D:6      | Reached XP level 9. HP: 20/45 MP: 7/12
  8425 | D:7      | Found a runed translucent gate.
  8426 | D:7      | Found a runed translucent gate.
  8426 | D:7      | Found a runed translucent gate.
  8427 | D:7      | Found an opulent altar of Gozag.
  8431 | D:7      | Noticed nicksoapdish's ghost (novice OgIE)
  8590 | D:7      | Reached skill level 8 in Maces & Flails
  9040 | D:7      | Noticed a two-headed ogre
  9084 | D:7      | Killed a two-headed ogre
  9236 | D:7      | Reached skill level 9 in Maces & Flails
  9236 | D:7      | Found a basalt altar of Yredelemnul.
  9529 | D:7      | Noticed a troll
  9532 | D:7      | Killed a troll
  9533 | D:7      | Reached XP level 10. HP: 50/50 MP: 3/13
  9652 | D:7      | Killed an unseen horror
  9653 | D:7      | Reached skill level 10 in Maces & Flails
 10090 | D:8      | Identified the +1 plate armour "Retub" {rPois rN+ Int-4
                  | Dex+2}
 10504 | D:8      | Reached skill level 11 in Maces & Flails
 10507 | D:8      | Noticed a two-headed ogre
 10521 | D:8      | Mangled by a two-headed ogre

Illustrated notes

Levels and vault maps discovered:
D:1:      dpeg_cavernosity, layout_basic, shapermc_ecumenical_altar_gd,
          minmay_bisected
D:2:      layout_loops_cross
D:3:      cheibrodos_greedy_goblins, layout_basic
D:4:      layout_loops_ring, minmay_temple_entry_junction_2,
          gammafunk_ghost_icy, kennysheep_generic_room_15, uniq_blork_the_orc
D:5:      layout_rooms, uniq_edmund, uniq_crazy_yiuf_cottage
D:6:      layout_basic, mainiacjoe_overflow_divided_tiny
D:7:      layout_cave_pools, marbit_many_paths, ebering_ghost_gozag, kb_rosetta
D:8:      layout_basic, minmay_overflow_temple_hex, uniq_harold, uniq_maggie
Temple:   minmay_temple_curvy_loop

Skill      XL: |  1  2  3  4  5  6  7  8  9 10 |
---------------+-------------------------------+-----
Earth Magic    | 4 5 6 8 10 | 10.0
Conjurations   | 1 3 4 6 |  6.0
Maces & Flails | 1 7 9 11 | 11.0
Dodging        | |  1.5
Stealth        | |  2.1
Spellcasting   | |  2.0
Transmutations | |  0.7

Action                   |  1- 3 |  4- 6 |  7- 9 | 10-12 || total
-------------------------+-------+-------+-------+-------++-------
Melee: Unarmed           |     8 |       |       |       ||     8
       Dagger            |    18 |     3 |    35 |       ||    56
       Club              |    91 |       |       |       ||    91
       Whip              |    19 |   131 |       |       ||   150
       Dire flail        |       |       |    40 |       ||    40
       Mace              |       |       |       |    49 ||    49
Throw: Dart              |       |       |     9 |       ||     9
 Cast: Sandblast         |    23 |    51 |    86 |    11 ||   171
       Stone Arrow       |       |       |    23 |     2 ||    25
  Use: Scroll            |       |       |     8 |       ||     8
       Potion            |       |       |     1 |       ||     1
 Stab: Sleeping          |     6 |       |     2 |       ||     8
       Distracted        |     1 |       |       |       ||     1
Armor: Robe              |    67 |    49 |     3 |       ||   119
       Leather armour    |       |       |    37 |    19 ||    56
Dodge: Dodged            |   127 |    86 |    61 |    16 ||   290
